 Dungeon Crawl Stone Soup version 0.29-a0-284-gf9362112df (webtiles) character file.

Game seed: 11708350937092770344

51 bande the Shield-Bearer (level 3, 0/24 HPs)
             Began as a Gargoyle Fighter on Mar 23, 2022.
             Killed by divine providence
             ... invoked by an orc priest
              (14 damage)
             ... on level 3 of the Dungeon.
             The game lasted 00:02:39 (2351 turns).

bande the Shield-Bearer (Gargoyle Fighter)          Turns: 2351, Time: 00:02:39

Health: 0/24       AC: 16    Str: 19    XL:     3   Next: 81%
Magic:  3/3        EV:  7    Int:  8    God:
Gold:   68         SH:  0    Dex: 11    Spells: 2/2 levels left

rFire   . . .      SeeInvis .   a - +1 war axe
rCold   . . .      Faith    .   c - +0 buckler
rNeg    + . .      Spirit   .   h - +0 chain mail
rPois   ∞          Reflect  .   (no helmet)
rElec   +          Harm     .   (no cloak)
rCorr   .          Rampage  .   (no gloves)
Will    .....                   (no boots)
Stlth   ..........              (no amulet)
HPRegen 0.08/turn               f - +4 ring of protection
MPRegen 0.08/turn               (no ring)

@: confused
A: sickness immunity, AC +3, negative energy resistance 1, electricity
resistance, torment resistance 1, petrification resistance
a: no special abilities


You were on level 3 of the Dungeon.
You visited 1 branch of the dungeon, and saw 3 of its levels.

You collected 68 gold pieces.

Inventory:

Hand Weapons
 a - a +1 war axe (weapon)
Armour
 c - a +0 buckler (worn)
 h - a +0 chain mail (worn)
Jewellery
 f - a +4 ring of protection (left hand)
Scrolls
 e - a scroll of fear {unknown}
 l - 2 scrolls of noise
 m - 5 scrolls of identify
Potions
 b - 2 potions of curing {unknown}
 d - a potion of might
 g - a potion of flight {unknown}
 i - a potion of brilliance {unknown}
 j - 2 potions of haste
 k - a potion of heal wounds {unknown}


   Skills:
 + Level 3.7 Fighting
 + Level 2.4 Axes
 + Level 3.7 Armour
 + Level 0.2 Stealth
 + Level 3.8 Shields


You had 2 spell levels left.
You didn't know any spells.
Your spell library was empty.

Dungeon Overview and Level Annotations

Branches:
Dungeon (3/15)

Altars:


Innate Abilities, Weirdness & Mutations

You are immune to sickness and miasma.
Your stone body is resilient. (AC +3)
You are immune to poison.
You resist negative energy. (rN+)
You are resistant to electric shocks. (rElec)
You are resistant to unholy torment.
You are immune to petrification.


Message History

The eye of devastation turns its gaze towards you.
You completely miss the orc. The orc barely misses you. x2
The orc priest hits you with a +0 hand axe.
You barely miss the orc priest. You closely miss the orc.
The orc hits you but does no damage. The orc wizard casts a spell at you.
You are confused.
The orc priest completely misses you.
You are too confused!
You are too confused!
You are too confused!
You are too confused!
You are too confused!
You are too confused!
Unknown command.
You miss the orc priest. You barely miss the orc.
The orc wizard gestures at you while chanting.
You are more confused.
The orc hits you but does no damage.
The orc priest hits you but does no damage.
The orc barely misses you.
Unknown command.
You hit the orc.
The orc is moderately wounded.
You completely miss the orc. The orc hits you but does no damage.
Unknown command.
You closely miss the orc wizard. You hit the orc priest. You hit the orc. x2
The orc priest closely misses you. The orc hits you with a +0 flail.
The orc closely misses you.
Unknown command.
You barely miss the orc wizard. You barely miss the orc priest.
You hit the orc.
You kill the orc!
You miss the orc.
The orc wizard hits you but does no damage.
The orc hits you with a +0 flail. The orc barely misses you.
The orc priest mumbles some strange prayers to Beogh against you.
Beogh smites you!
Ouch! That really hurt!
You die...

........... ..._......
.........#.# # #...### ...
#. #...#G #.# ######
##.###o..###.#.# #.....
#.....o......#.# #.#...
#.....@o.# #.# #.#.##
#......o.# #.# #.#...
.#######.#.#####.###.#.##
................g....).##
#.#######.#.#####.........
#.........#......####.<...
..............##.# #.....
#.###........###.# #.....
#........# #.# #.....


You could see an eye of devastation, an orc priest, an orc wizard and 2 orcs.

Vanquished Creatures
  A gnoll (D:1)
  3 dart slugs
  An orc (D:3)
  3 endoplasms
  3 giant cockroaches
  2 goblins
  4 hobgoblins
  2 quokkas
  4 ball pythons (D:1)
  2 bats (D:1)
  3 kobolds
  6 rats
34 creatures vanquished.

Vanquished Creatures (collateral kills)
  A ball python (D:3)
1 creature vanquished.

Vanquished Creatures (others)
  2 plants (D:1)
2 creatures vanquished.

Grand Total: 37 creatures vanquished

Notes
Turn   | Place    | Note
-------+----------+-------------------------------------------
     0 | D:1      | bande the Gargoyle Fighter began the quest for the Orb.
     0 | D:1      | Reached XP level 1. HP: 14/14 MP: 1/1
   226 | D:1      | Reached XP level 2. HP: 10/19 MP: 2/2
   919 | D:1      | Reached XP level 3. HP: 23/23 MP: 3/3
  2344 | D:3      | Found a faded altar of an unknown god.
  2345 | D:3      | Noticed an eye of devastation
  2351 | D:3      | Killed from afar by an orc priest

Illustrated notes

Levels and vault maps discovered:
D:1:      lemuel_arrival_rhombus, layout_basic, serial_bayou,
          serial_bayou_pond_e, serial_bayou_lake_a, serial_bayou_shore_a,
          serial_bayou_ford_a
D:2:      layout_loops_ring
D:3:      layout_basic, nicolae_uskayaw_murder_on_the_dancefloor,
          hellmonk_ecumenical_altar_watching_god, uniq_ijyb

Skill      XL: |  1  2 |
---------------+-------+-----
Axes           | 2 |  2.4
Fighting       | |  3.7
Armour         | |  3.7
Stealth        | |  0.2
Shields        | |  3.8

Action                   || total
-------------------------++-------
Melee: War axe           ||   115
  Use: Scroll            ||     9
Armor: Scale mail        ||    30
       Chain mail        ||    44
Dodge: Dodged            ||    58
Block: Buckler           ||    32

Table legend: (Time is in decaauts)
 A = Elapsed time spent in this place.
 B = Non-inter-level travel time spent in this place.
 C = Inter-level travel time spent in this place.
 D = Time resting spent in this place.
 E = Time spent auto-exploring this place.
 F = Levels seen in this place.
 G = Mean time per level.
                   A        B        C        D        E       F      G
               +--------+--------+--------+--------+--------+-----+--------+
         Total |   2439 |   2378 |     61 |    343 |   1623 |   3 |  813.0 |
       Dungeon |   2439 |   2378 |     61 |    343 |   1623 |   3 |  813.0 |
               +--------+--------+--------+--------+--------+-----+--------+

Top non-repeatable levels by time:
     D:1: 1549 daAuts
     D:2: 824 daAuts
     D:3: 65 daAuts
